| TOP OF THE 1ST |
|
Albuquerque Isotopes batting - Pitching for Louisville Bats : LHP Zach Masengill
|
|
Pitching: LHP Zach Masengill
|
|
|
Batting: RHB Ron Johansen
|
0-0: Called Strike 0-1: Ball 1-1: Ball 2-1: SINGLE (Groundball, 56D, EV 95.0 MPH)
|
|
Batting: RHB Nate Carrell
|
0-0: Called Strike Ron Johansen steals 2nd base 0-1: Ball 1-1: DOUBLE (Flyball, 8RXD, EV 95.0 MPH) Ron Johansen scores
|
|
Batting: RHB Ryan Taylor
|
0-0: Fly out, F7 (Flyball, 7, EV 89.4 MPH)
|
|
Batting: RHB Ben Alspach
|
0-0: Ball 1-0: Ground out U3 (Groundball, 34, EV 89.4 MPH) Nate Carrell to third
|
|
Batting: LHB Mike Staley
|
0-0: Ball 1-0: Reached on error, E6 (Groundball, 6M, EV 88.8 MPH) Nate Carrell scores
|
|
Batting: RHB Jerry Castro
|
0-0: Ball 1-0: Foul Ball, location: 2F 1-1: Ball Mike Staley steals 2nd base 2-1: Foul Ball, location: 2F 2-2: Strikes out looking
|
| Top of the 1st over - 2 runs, 2 hits, 1 error, 1 left on base; Albuquerque 2 - Louisville 0 |
| BOTTOM OF THE 1ST |
|
Louisville Bats batting - Pitching for Albuquerque Isotopes : RHP Calvin Hightower
|
|
Pitching: RHP Calvin Hightower
|
|
|
Batting: LHB Ryan Braden
|
0-0: Ball 1-0: Fly out, F9 (Flyball, 9LS, EV 96.9 MPH)
|
|
Batting: RHB Danny Real
|
0-0: Ball 1-0: Called Strike 1-1: Foul Ball, location: 2F 1-2: Ball 2-2: Foul Ball, location: 2F 2-2: Foul Ball, location: 2F 2-2: Ball 3-2: Fly out, F3 (Popup, 3SF, EV 72.5 MPH)
|
|
Batting: LHB Randy Racine
|
0-0: Ball 1-0: Called Strike 1-1: Foul Ball, location: 2F 1-2: SINGLE (Flyball, 6D, EV 93.1 MPH)
|
|
Batting: SHB Freddie Farrar
|
0-0: Ball 1-0: Called Strike 1-1: Ball 2-1: Ball 3-1: Foul Ball, location: 2F 3-2: SINGLE (Groundball, 4MD, EV 101.9 MPH) Randy Racine to second Randy Racine to third
|
|
Batting: RHB Casey Truax
|
0-0: Ball 1-0: Ball Wild Pitch! Randy Racine scores Freddie Farrar to second 2-0: Foul Ball, location: 2F 2-1: SINGLE (Groundball, 5S, EV 72.5 MPH) (infield hit) Freddie Farrar to third
|
|
Batting: RHB Chase Briney
|
0-0: Ball 1-0: Ball 2-0: Called Strike 2-1: Foul Ball, location: 2RF, Error on foul ball, E2 2-2: Ball 3-2: Fly out, F5 (Popup, 56, EV 62.5 MPH)
|
| Bottom of the 1st over - 1 run, 3 hits, 1 error, 2 left on base; Albuquerque 2 - Louisville 1 |
| TOP OF THE 2ND |
|
Albuquerque Isotopes batting - Pitching for Louisville Bats : LHP Zach Masengill
|
|
Batting: RHB Bobby Heagle
|
0-0: Ball 1-0: Swinging Strike 1-1: DOUBLE (Line Drive, 7LM, EV 109.4 MPH)
|
|
Batting: SHB Bradley Barrowcliff
|
0-0: Ball 1-0: Ball 2-0: Ball 3-0: Base on Balls
|
|
Batting: RHB Joe Hinson
|
0-0: Foul Ball, location: 2F 0-1: Ball 1-1: Called Strike 1-2: Strikes out swinging
|
|
Batting: RHB Ron Johansen
|
0-0: Ball 1-0: Ball 2-0: Ball 3-0: Called Strike 3-1: Fly out, F4 (Popup, 4M, EV 75.0 MPH)
|
|
Batting: RHB Nate Carrell
|
0-0: Called Strike 0-1: Ball 1-1: Swinging Strike 1-2: Strikes out looking
|
| Top of the 2nd over - 0 runs, 1 hit, 0 errors, 2 left on base; Albuquerque 2 - Louisville 1 |
| BOTTOM OF THE 2ND |
|
Louisville Bats batting - Pitching for Albuquerque Isotopes : RHP Calvin Hightower
|
|
Batting: SHB Paul Sandoval
|
0-0: Called Strike 0-1: Called Strike 0-2: Ball 1-2: Foul Ball, location: 2F 1-2: SINGLE (Flyball, 89S, EV 93.8 MPH)
|
|
Batting: RHB Chris Zamora
|
0-0: Ball 1-0: Called Strike 1-1: Fly out, F8 (Flyball, 89M, EV 92.5 MPH)
|
|
Batting: RHB Yasusaburo Kuwahara
|
0-0: Grounds into double play, 6-4-3 (Groundball, 6, EV 77.5 MPH)
|
| Bottom of the 2nd over - 0 runs, 1 hit, 0 errors, 0 left on base; Albuquerque 2 - Louisville 1 |
| TOP OF THE 3RD |
|
Albuquerque Isotopes batting - Pitching for Louisville Bats : LHP Zach Masengill
|
|
Batting: RHB Ryan Taylor
|
0-0: Ball 1-0: Ball 2-0: Called Strike 2-1: Ball 3-1: Base on Balls
|
|
Batting: RHB Ben Alspach
|
0-0: Ball 1-0: Ball 2-0: Foul Ball, location: 2F 2-1: Ball 3-1: Swinging Strike 3-2: Strikes out swinging
|
|
Batting: LHB Mike Staley
|
0-0: Called Strike 0-1: Ball 1-1: Ball 2-1: Ball 3-1: SINGLE (Line Drive, 78S, EV 94.4 MPH) Ryan Taylor to second
|
|
Batting: RHB Jerry Castro
|
0-0: Ball 1-0: Foul Ball, location: 2F 1-1: Ball 2-1: Fly out, F8 (Flyball, 8LD, EV 74.4 MPH)
|
|
Batting: RHB Bobby Heagle
|
0-0: Ball 1-0: Fly out, F3 (Popup, 3SF, EV 68.1 MPH)
|
| Top of the 3rd over - 0 runs, 1 hit, 0 errors, 2 left on base; Albuquerque 2 - Louisville 1 |
| BOTTOM OF THE 3RD |
|
Louisville Bats batting - Pitching for Albuquerque Isotopes : RHP Calvin Hightower
|
|
Batting: LHB Ryan Braden
|
0-0: Ball 1-0: Ball 2-0: Ball 3-0: Ground out 3-1 (Groundball, 34, EV 101.9 MPH)
|
|
Batting: RHB Danny Real
|
0-0: Ball 1-0: Foul Ball, location: 2F 1-1: Ball 2-1: SINGLE (Flyball, 3D, EV 99.4 MPH)
|
|
Batting: LHB Randy Racine
|
0-0: Ball 1-0: Fielders Choice at 2nd, 3-6 (Groundball, 34, EV 88.8 MPH)
|
|
Batting: SHB Freddie Farrar
|
0-0: Called Strike 0-1: Ball 1-1: Ground out 4-3 (Groundball, 4, EV 98.1 MPH)
|
| Bottom of the 3rd over - 0 runs, 1 hit, 0 errors, 1 left on base; Albuquerque 2 - Louisville 1 |
| TOP OF THE 4TH |
|
Albuquerque Isotopes batting - Pitching for Louisville Bats : LHP Zach Masengill
|
|
Batting: SHB Bradley Barrowcliff
|
0-0: Ball 1-0: Ball 2-0: Foul Ball, location: 2F 2-1: Called Strike 2-2: Ball 3-2: Strikes out swinging
|
|
Batting: RHB Joe Hinson
|
0-0: Called Strike 0-1: Swinging Strike 0-2: Ball 1-2: Ball 2-2: Strikes out swinging
|
|
Batting: RHB Ron Johansen
|
0-0: Ball 1-0: Ground out 6-3 (Groundball, 6, EV 85.0 MPH)
|
| Top of the 4th over - 0 runs, 0 hits, 0 errors, 0 left on base; Albuquerque 2 - Louisville 1 |
| BOTTOM OF THE 4TH |
|
Louisville Bats batting - Pitching for Albuquerque Isotopes : RHP Calvin Hightower
|
|
Batting: RHB Casey Truax
|
0-0: Fly out, F7 (Flyball, 7D, EV 95.0 MPH)
|
|
Batting: RHB Chase Briney
|
0-0: Ground out 6-3 (Groundball, 6, EV 77.5 MPH)
|
|
Batting: SHB Paul Sandoval
|
0-0: Called Strike 0-1: Foul Ball, location: 2F 0-2: Ball 1-2: Ground out 5-3 (Groundball, 56, EV 98.1 MPH)
|
| Bottom of the 4th over - 0 runs, 0 hits, 0 errors, 0 left on base; Albuquerque 2 - Louisville 1 |
| TOP OF THE 5TH |
|
Albuquerque Isotopes batting - Pitching for Louisville Bats : LHP Zach Masengill
|
|
Batting: RHB Nate Carrell
|
0-0: Ball 1-0: Foul Ball, location: 2F 1-1: Called Strike 1-2: Ground out 6-3 (Groundball, 6, EV 86.9 MPH)
|
|
Batting: RHB Ryan Taylor
|
0-0: Ball 1-0: Called Strike 1-1: Ball 2-1: Foul Ball, location: 2F 2-2: Ball 3-2: Foul Ball, location: 2F 3-2: Strikes out looking
|
|
Batting: RHB Ben Alspach
|
0-0: Ball 1-0: Foul Ball, location: 2F 1-1: Ball 2-1: Ground out 6-3 (Groundball, 6, EV 88.1 MPH)
|
| Top of the 5th over - 0 runs, 0 hits, 0 errors, 0 left on base; Albuquerque 2 - Louisville 1 |
| BOTTOM OF THE 5TH |
|
Louisville Bats batting - Pitching for Albuquerque Isotopes : RHP Calvin Hightower
|
|
Batting: RHB Chris Zamora
|
0-0: Foul Ball, location: 2F 0-1: DOUBLE (Groundball, 5L, EV 108.1 MPH)
|
|
Batting: RHB Yasusaburo Kuwahara
|
0-0: Ground out 6-3 (Groundball, 6, EV 111.9 MPH)
|
|
Batting: LHB Ryan Braden
|
0-0: Fly out, F2 (Popup, 15S, EV 84.4 MPH)
|
|
Batting: RHB Danny Real
|
0-0: Ground out 6-3 (Groundball, 6, EV 88.8 MPH)
|
| Bottom of the 5th over - 0 runs, 1 hit, 0 errors, 1 left on base; Albuquerque 2 - Louisville 1 |
| TOP OF THE 6TH |
|
Albuquerque Isotopes batting - Pitching for Louisville Bats : LHP Zach Masengill
|
|
Batting: LHB Mike Staley
|
0-0: Ball 1-0: Ball 2-0: Ground out 2-3 (Groundball, 13S, EV 65.0 MPH)
|
|
Batting: RHB Jerry Castro
|
0-0: Swinging Strike 0-1: Swinging Strike 0-2: Ball 1-2: Foul Ball, location: 2F 1-2: Ball 2-2: Strikes out swinging
|
|
Batting: RHB Bobby Heagle
|
0-0: Called Strike 0-1: Ball 1-1: Ball 2-1: Fly out, F8 (Flyball, 8RXD, EV 95.0 MPH)
|
| Top of the 6th over - 0 runs, 0 hits, 0 errors, 0 left on base; Albuquerque 2 - Louisville 1 |
| BOTTOM OF THE 6TH |
|
Louisville Bats batting - Pitching for Albuquerque Isotopes : RHP Calvin Hightower
|
|
Batting: LHB Randy Racine
|
0-0: Ball 1-0: Foul Ball, location: 2F 1-1: Called Strike 1-2: Ball 2-2: Ball 3-2: Base on Balls
|
|
Batting: SHB Freddie Farrar
|
0-0: Ball 1-0: Called Strike 1-1: Ball 2-1: Grounds into double play, 3-6-3 (Groundball, 3, EV 80.0 MPH)
|
|
Batting: RHB Casey Truax
|
0-0: Ball 1-0: Called Strike 1-1: Swinging Strike 1-2: Strikes out looking
|
| Bottom of the 6th over - 0 runs, 0 hits, 0 errors, 0 left on base; Albuquerque 2 - Louisville 1 |
| TOP OF THE 7TH |
|
Albuquerque Isotopes batting - Pitching for Louisville Bats : LHP Zach Masengill
|
|
Pitching: RHP Juan Sanchez
|
|
|
Batting: SHB Bradley Barrowcliff
|
0-0: Ground out 4-3 (Groundball, 4, EV 105.0 MPH)
|
|
Batting: RHB Joe Hinson
|
0-0: Ball 1-0: Foul Ball, location: 2F 1-1: Called Strike 1-2: Strikes out swinging
|
|
Batting: RHB Ron Johansen
|
0-0: Called Strike 0-1: Ball 1-1: Ball 2-1: Foul Ball, location: 2F 2-2: Ball 3-2: Strikes out swinging
|
| Top of the 7th over - 0 runs, 0 hits, 0 errors, 0 left on base; Albuquerque 2 - Louisville 1 |
| BOTTOM OF THE 7TH |
|
Louisville Bats batting - Pitching for Albuquerque Isotopes : RHP Calvin Hightower
|
|
Batting: RHB Chase Briney
|
0-0: Ball 1-0: Swinging Strike 1-1: Ball 2-1: Foul Ball, location: 2F 2-2: Foul Ball, location: 2F 2-2: Ball 3-2: DOUBLE (Flyball, 8RD, EV 106.3 MPH)
|
|
Batting: SHB Paul Sandoval
|
0-0: Sac Bunt to 25 - play at first, batter OUT! 5-3 Chase Briney to third
|
|
Batting: RHB Chris Zamora
|
0-0: Ball 1-0: Ball 2-0: Called Strike 2-1: Foul Ball, location: 2F 2-2: SINGLE (Groundball, 56, EV 97.5 MPH) Chase Briney scores
|
|
Batting: RHB Yasusaburo Kuwahara
|
0-0: Called Strike 0-1: Ball 1-1: SINGLE (Groundball, 56D, EV 94.4 MPH) Chris Zamora to second
|
|
Pinch Runner at 2nd Gerald de Vries:
|
|
|
Batting: LHB Ryan Braden
|
0-0: Called Strike 0-1: SINGLE (Groundball, 6D, EV 98.1 MPH) Gerald de Vries to third Yasusaburo Kuwahara to second
|
|
Batting: RHB Danny Real
|
0-0: Swinging Strike 0-1: Ball 1-1: Grounds into fielders choice 5-2 (Groundball, 5S, EV 64.4 MPH) Yasusaburo Kuwahara to third Ryan Braden to second
|
|
Batting: LHB Randy Racine
|
0-0: Fly out, F9 (Flyball, 89D, EV 83.8 MPH)
|
| Bottom of the 7th over - 1 run, 4 hits, 0 errors, 3 left on base; Albuquerque 2 - Louisville 2 |
| TOP OF THE 8TH |
|
Albuquerque Isotopes batting - Pitching for Louisville Bats : RHP Juan Sanchez
|
|
Now at 1B: Gerald de Vries
|
|
|
Batting: LHB Enrique Andrade
|
0-0: Foul Ball, location: 2F 0-1: Ball 1-1: Ball 2-1: Ball 3-1: Base on Balls
|
|
Pinch Hitting: LHB Tony Morales
|
0-0: Ball 1-0: Ball 2-0: Ball 3-0: Base on Balls Enrique Andrade to second
|
|
Pinch Hitting: RHB Adrian Rudkilde
|
0-0: Called Strike 0-1: Ball 1-1: Foul Ball, location: 2F 1-2: Strikes out swinging
|
|
Batting: LHB Mike Staley
|
0-0: Called Strike 0-1: Swinging Strike 0-2: Ball 1-2: Fielders Choice at 2nd, 6-4 (Groundball, 6, EV 80.6 MPH) Enrique Andrade to third
|
|
Pitching: RHP Tim Beck
|
|
|
Batting: RHB Jerry Castro
|
0-0: Called Strike 0-1: Ball 1-1: Ball 2-1: Ball 3-1: Base on Balls Mike Staley to second
|
|
Batting: RHB Bobby Heagle
|
0-0: Called Strike 0-1: Fly out, F8 (Line Drive, 8LD, EV 89.4 MPH)
|
| Top of the 8th over - 0 runs, 0 hits, 0 errors, 3 left on base; Albuquerque 2 - Louisville 2 |
| BOTTOM OF THE 8TH |
|
Louisville Bats batting - Pitching for Albuquerque Isotopes : RHP Calvin Hightower
|
|
Now at 3B: Adrian Rudkilde
|
|
|
Now in LF: Tony Morales
|
|
|
Now in CF: Mike Staley
|
|
|
Batting: SHB Freddie Farrar
|
0-0: Ball 1-0: Called Strike 1-1: SINGLE (Line Drive, 5D, EV 94.4 MPH)
|
|
Pitching: LHP Waldemar van der Sluijs
|
|
|
Batting: RHB Casey Truax
|
0-0: Ball 1-0: Called Strike 1-1: Ball Wild Pitch! Freddie Farrar to second 2-1: Ball 3-1: Base on Balls
|
|
Batting: RHB Chase Briney
|
0-0: Bunt missed! 0-1: Ball 1-1: Bunted foul 1-2: Fly out, F6 (Popup, 4MD, EV 38.1 MPH)
|
|
Batting: SHB Paul Sandoval
|
0-0: Ball 1-0: Ball 2-0: Called Strike 2-1: Bunt missed! 2-2: Strikes out looking
|
|
Batting: RHB Gerald de Vries
|
0-0: Called Strike 0-1: Ball 1-1: Swinging Strike 1-2: Ball 2-2: Ball 3-2: Foul Ball, location: 2F 3-2: Foul Ball, location: 2F 3-2: Strikes out swinging
|
| Bottom of the 8th over - 0 runs, 1 hit, 0 errors, 2 left on base; Albuquerque 2 - Louisville 2 |
| TOP OF THE 9TH |
|
Albuquerque Isotopes batting - Pitching for Louisville Bats : RHP Tim Beck
|
|
Pitching: LHP Logan Moultry
|
|
|
Batting: SHB Bradley Barrowcliff
|
0-0: Foul Ball, location: 2F 0-1: Ball 1-1: Foul Ball, location: 2F 1-2: Ball 2-2: Foul Ball, location: 2F 2-2: Ball 3-2: Base on Balls
|
|
Batting: RHB Joe Hinson
|
0-0: Foul Ball, location: 2F 0-1: Swinging Strike 0-2: Ball 1-2: Foul Ball, location: 2F 1-2: Foul Ball, location: 2F 1-2: Strikes out swinging
|
|
Batting: RHB Ron Johansen
|
0-0: Ball 1-0: Foul Ball, location: 2F 1-1: Ground out 5-3 (Groundball, 56S, EV 80.6 MPH) Bradley Barrowcliff to second
|
|
Batting: RHB Josh Baker
|
0-0: Swinging Strike 0-1: Ball 1-1: Ball 2-1: Ball 3-1: Swinging Strike 3-2: Strikes out looking
|
| Top of the 9th over - 0 runs, 0 hits, 0 errors, 1 left on base; Albuquerque 2 - Louisville 2 |
| BOTTOM OF THE 9TH |
|
Louisville Bats batting - Pitching for Albuquerque Isotopes : LHP Waldemar van der Sluijs
|
|
Pitching: LHP Tyler Adams
|
|
|
Batting: RHB Yasusaburo Kuwahara
|
0-0: Swinging Strike 0-1: Called Strike 0-2: Ball 1-2: Strikes out looking
|
|
Batting: LHB Ryan Braden
|
0-0: Ground out 3-1 (Groundball, 34S, EV 84.4 MPH)
|
|
Batting: RHB Danny Real
|
0-0: Ball 1-0: Called Strike 1-1: SINGLE (Groundball, 6MD, EV 96.3 MPH)
|
|
Batting: LHB Randy Racine
|
0-0: Ground out U3 (Groundball, 3L, EV 89.4 MPH)
|
| Bottom of the 9th over - 0 runs, 1 hit, 0 errors, 1 left on base; Albuquerque 2 - Louisville 2 |
| TOP OF THE 10TH |
|
Albuquerque Isotopes batting - Pitching for Louisville Bats : LHP Logan Moultry
|
|
Batting: LHB Tony Morales
|
0-0: Ball 1-0: Ball 2-0: Foul Ball, location: 2F 2-1: Called Strike 2-2: Foul Ball, location: 2F 2-2: Ball 3-2: Ground out 4-3 (Groundball, 4, EV 88.8 MPH)
|
|
Batting: RHB Adrian Rudkilde
|
0-0: Ball 1-0: Called Strike 1-1: DOUBLE (Flyball, 8RXD, EV 93.1 MPH)
|
|
Batting: LHB Mike Staley
|
0-0: Swinging Strike 0-1: DOUBLE (Flyball, 8RXD, EV 90.0 MPH) Adrian Rudkilde scores
|
|
Batting: RHB Jerry Castro
|
0-0: Called Strike 0-1: Foul Ball, location: 2F 0-2: Strikes out swinging
|
|
Batting: RHB Bobby Heagle
|
0-0: Called Strike 0-1: Ball 1-1: Foul Ball, location: 2F 1-2: Ground out 6-3 (Groundball, 6, EV 86.3 MPH)
|
| Top of the 10th over - 1 run, 2 hits, 0 errors, 1 left on base; Albuquerque 3 - Louisville 2 |
| BOTTOM OF THE 10TH |
|
Louisville Bats batting - Pitching for Albuquerque Isotopes : LHP Tyler Adams
|
|
Pitching: RHP Ernie Schmutz
|
|
|
Batting: SHB Freddie Farrar
|
0-0: Ball 1-0: Foul Ball, location: 2F 1-1: Ball 2-1: Ball 3-1: Fly out, F8 (Flyball, 8RM, EV 91.3 MPH)
|
|
Pinch Hitting: SHB Tim Utz
|
0-0: Ball 1-0: Ball 2-0: Foul Ball, location: 2F 2-1: Ground out 5-3 (Groundball, 5L, EV 108.8 MPH)
|
|
Batting: RHB Chase Briney
|
0-0: Ball 1-0: Swinging Strike 1-1: Ball 2-1: Foul Ball, location: 2F 2-2: Strikes out swinging
|
| Bottom of the 10th over - 0 runs, 0 hits, 0 errors, 0 left on base; Albuquerque 3 - Louisville 2 |
|